SA
SYRACUSE STORM @ NIAGARA FALLS EXPOS
08/07/2034
 
TOP OF THE 1ST
Syracuse Storm batting - Pitching for Niagara Falls Expos : RHP William Penn
Pitching: RHP William Penn
Batting: LHB Brenton Winston 0-0: Called Strike
0-1: Fly out, F3 (Line Drive, 3L)
Batting: SHB Franck Kooijmans 0-0: Ball
1-0: Ball
2-0: Called Strike
2-1: Called Strike
2-2: SINGLE (Line Drive, 78S)
Batting: RHB Sadakuno Hashimoto 0-0: Ball
1-0: Foul Ball, location: 2F
1-1: Foul Ball, location: 2F
1-2: SINGLE (Groundball, 4D)
Franck Kooijmans to second
Runner from 2nd tries for 3rd, OUT!
Batting: LHB Seung-min Sin 0-0: Ball
Wild Pitch!
Sadakuno Hashimoto to second
1-0: Ball
2-0: Ball
3-0: Base on Balls
Batting: RHB Dave Maxwell 0-0: SINGLE (Groundball, 4MD)
Sadakuno Hashimoto to third
Seung-min Sin to second
Runner from 3rd tries for Home, SAFE, no throw
Batting: RHB Adrián Medina 0-0: Called Strike
0-1: SINGLE (Groundball, 56S) (infield hit)
Seung-min Sin to third
Dave Maxwell to second
Batting: LHB Mitchell Pate 0-0: Foul Ball, location: 2F
0-1: Foul Ball, location: 2F
0-2: SINGLE (Line Drive, 89S)
Seung-min Sin scores
Dave Maxwell to third
Adrián Medina to second
Batting: RHB Miguel Román 0-0: Foul Ball, location: 2F
0-1: Foul Ball, location: 2F
0-2: SINGLE (Flyball, 78S)
Dave Maxwell scores
Adrián Medina to third
Mitchell Pate to second
Runner from 3rd tries for Home, SAFE, no throw
Batting: RHB Casey Brownlow 0-0: Ball
1-0: Foul Ball, location: 2F
1-1: Ball
2-1: Ground out 4-3 (Groundball, 4M)
Top of the 1st over - 4 runs, 6 hits, 0 errors, 2 left on base; Syracuse 4 - Niagara Falls 0
BOTTOM OF THE 1ST
Niagara Falls Expos batting - Pitching for Syracuse Storm : RHP Joe Holland
Pitching: RHP Joe Holland
Batting: LHB Barry Flauker 0-0: Ball
1-0: Ball
2-0: Foul Ball, location: 2F
2-1: Ball
3-1: Swinging Strike
3-2: Foul Ball, location: 2F
3-2: Base on Balls
Batting: RHB Arthur Chappell 0-0: Ball
1-0: Ball
2-0: Ball
3-0: Called Strike
3-1: Fly out, F6 (Popup, P)
Batting: RHB Qi-chao Di 0-0: Ball
1-0: Foul Ball, location: 2F
1-1: Grounds into double play, 4-6-3 (Groundball, 4)
Bottom of the 1st over - 0 runs, 0 hits, 0 errors, 0 left on base; Syracuse 4 - Niagara Falls 0
TOP OF THE 2ND
Syracuse Storm batting - Pitching for Niagara Falls Expos : RHP William Penn
Batting: LHB Brenton Winston 0-0: Called Strike
0-1: Foul Ball, location: 2F
0-2: Fly out, F7 (Flyball, 7LS)
Batting: SHB Franck Kooijmans 0-0: Ground out 6-3 (Groundball, 6)
Batting: RHB Sadakuno Hashimoto 0-0: Called Strike
0-1: Foul Ball, location: 2F
0-2: Hit by Pitch
Batting: LHB Seung-min Sin 0-0: Ball
1-0: Ball
2-0: Fly out, F9 (Line Drive, 89M)
Top of the 2nd over - 0 runs, 0 hits, 0 errors, 1 left on base; Syracuse 4 - Niagara Falls 0
BOTTOM OF THE 2ND
Niagara Falls Expos batting - Pitching for Syracuse Storm : RHP Joe Holland
Batting: LHB Julian Rodney 0-0: Ball
1-0: Called Strike
1-1: Called Strike
1-2: Ball
2-2: Fly out, F8 (Flyball, 8RM)
Batting: RHB Francisco Rodríguez 0-0: Ball
1-0: Foul Ball, location: 2F
1-1: Ball
2-1: Fly out, F7 (Flyball, 7)
Batting: RHB Dale Doney 0-0: Foul Ball, location: 2F
0-1: SINGLE (Groundball, 6S) (infield hit)
Batting: RHB Yaakov Shmerkin 0-0: Swinging Strike
0-1: Ball
1-1: Ball
2-1: Fielders Choice at 2nd, 6-4 (Groundball, 6)
Bottom of the 2nd over - 0 runs, 1 hit, 0 errors, 1 left on base; Syracuse 4 - Niagara Falls 0
TOP OF THE 3RD
Syracuse Storm batting - Pitching for Niagara Falls Expos : RHP William Penn
Batting: RHB Dave Maxwell 0-0: Called Strike
0-1: Ground out 4-3 (Groundball, 4)
Batting: RHB Adrián Medina 0-0: SINGLE (Groundball, 5L) (infield hit)
Batting: LHB Mitchell Pate 0-0: Called Strike
0-1: Called Strike
0-2: Foul Ball, location: 2F
0-2: Ball
1-2: Ball
2-2: Fielders Choice at 2nd, 3-6 (Groundball, 3)
Batting: RHB Miguel Román 0-0: Ball
Wild Pitch!
Mitchell Pate to second
1-0: Ball
2-0: Fly out, F7 (Line Drive, 78D)
Top of the 3rd over - 0 runs, 1 hit, 0 errors, 1 left on base; Syracuse 4 - Niagara Falls 0
BOTTOM OF THE 3RD
Niagara Falls Expos batting - Pitching for Syracuse Storm : RHP Joe Holland
Batting: RHB Cord Hosenbeck 0-0: Swinging Strike
0-1: Swinging Strike
0-2: Strikes out swinging
Batting: RHB Darryl Edwards 0-0: Foul Ball, location: 2F
0-1: Swinging Strike
0-2: Ball
1-2: Ball
2-2: Strikes out swinging
Batting: LHB Barry Flauker 0-0: Called Strike
0-1: Foul Ball, location: 2F
0-2: Ground out 3-1 (Groundball, 34)
Bottom of the 3rd over - 0 runs, 0 hits, 0 errors, 0 left on base; Syracuse 4 - Niagara Falls 0
TOP OF THE 4TH
Syracuse Storm batting - Pitching for Niagara Falls Expos : RHP William Penn
Batting: RHB Casey Brownlow 0-0: SINGLE (Line Drive, 6MD)
Batting: LHB Brenton Winston 0-0: Foul Ball, location: 2F
0-1: Called Strike
0-2: Ball
1-2: Ball
2-2: Foul Ball, location: 2F
2-2: Ball
3-2: Foul Ball, location: 2F
3-2: DOUBLE (Line Drive, 9LD)
Casey Brownlow to third
Batting: SHB Franck Kooijmans 0-0: Ball
1-0: SINGLE (Line Drive, 4M)
Casey Brownlow scores
Brenton Winston to third
Batting: RHB Sadakuno Hashimoto 0-0: Called Strike
0-1: Ball
1-1: Called Strike
1-2: Ball
2-2: Foul Ball, location: 2F
2-2: Ball
3-2: Foul Ball, location: 2F
3-2: SINGLE (Line Drive, 78S)
Brenton Winston scores
Franck Kooijmans to second
Batting: LHB Seung-min Sin 0-0: Ball
1-0: Called Strike
1-1: Foul Ball, location: 2F
1-2: SINGLE (Line Drive, 78S)
Franck Kooijmans to third
Sadakuno Hashimoto to second
Runner from 3rd tries for Home, SAFE, no throw
Batting: RHB Dave Maxwell 0-0: Ball
1-0: Foul Ball, location: 2F
1-1: Ball
2-1: Ball
3-1: SINGLE (Line Drive, 89S)
Sadakuno Hashimoto to third
Seung-min Sin to second
Batting: RHB Adrián Medina 0-0: Called Strike
0-1: Ball
1-1: SINGLE (Groundball, 5S) (infield hit)
Sadakuno Hashimoto scores
Seung-min Sin to third
Dave Maxwell to second
Batting: LHB Mitchell Pate 0-0: Foul Ball, location: 2F
0-1: Ball
1-1: Foul Ball, location: 2F
1-2: Ball
2-2: Grounds into double play, 4-6-3 (Groundball, 4)
Seung-min Sin scores
Dave Maxwell to third
Batting: RHB Miguel Román 0-0: Fly out, F9 (Flyball, 89D)
Top of the 4th over - 5 runs, 7 hits, 0 errors, 1 left on base; Syracuse 9 - Niagara Falls 0
BOTTOM OF THE 4TH
Niagara Falls Expos batting - Pitching for Syracuse Storm : RHP Joe Holland
Batting: RHB Arthur Chappell 0-0: Ball
1-0: Ball
2-0: Called Strike
2-1: Foul Ball, location: 2F
2-2: Ground out 4-3 (Groundball, 34D)
Batting: RHB Qi-chao Di 0-0: Fly out, F7 (Flyball, 7D)
Batting: LHB Julian Rodney 0-0: Swinging Strike
0-1: Ball
1-1: Fly out, F9 (Line Drive, 89M)
Bottom of the 4th over - 0 runs, 0 hits, 0 errors, 0 left on base; Syracuse 9 - Niagara Falls 0
TOP OF THE 5TH
Syracuse Storm batting - Pitching for Niagara Falls Expos : RHP William Penn
Batting: RHB Casey Brownlow 0-0: Called Strike
0-1: Ball
1-1: Fly out, F8 (Line Drive, 8RXD)
Batting: LHB Brenton Winston 0-0: SINGLE (Groundball, 34D)
Batting: SHB Franck Kooijmans 0-0: SINGLE (Groundball, 34) (infield hit)
Brenton Winston to second
Batting: RHB Sadakuno Hashimoto 0-0: SINGLE (Line Drive, 4MD)
Brenton Winston to third
Franck Kooijmans to second
Runner from 3rd tries for Home, SAFE, no throw
Batting: LHB Seung-min Sin 0-0: Ball
1-0: Called Strike
1-1: Called Strike
1-2: Strikes out swinging
Batting: RHB Dave Maxwell 0-0: Ball
1-0: Ball
2-0: Foul Ball, location: 2F
2-1: Fly out, F7 (Flyball, 7D)
Top of the 5th over - 1 run, 3 hits, 0 errors, 2 left on base; Syracuse 10 - Niagara Falls 0
BOTTOM OF THE 5TH
Niagara Falls Expos batting - Pitching for Syracuse Storm : RHP Joe Holland
Batting: RHB Francisco Rodríguez 0-0: Ball
1-0: Swinging Strike
1-1: Foul Ball, location: 2F
1-2: Ground out 6-3 (Groundball, 6)
Batting: RHB Dale Doney 0-0: DOUBLE (Flyball, 78D)
Batting: RHB Yaakov Shmerkin 0-0: Foul Ball, location: 2F
0-1: Ball
1-1: Ball
2-1: Foul Ball, location: 2F
2-2: Strikes out looking
Batting: RHB Cord Hosenbeck 0-0: Ball
1-0: Swinging Strike
1-1: Called Strike
1-2: SINGLE (Groundball, 4MD)
Dale Doney to third
Runner from 3rd tries for Home, SAFE, no throw
Batting: RHB Darryl Edwards 0-0: Ball
1-0: Ground out 4-3 (Groundball, 4)
Bottom of the 5th over - 1 run, 2 hits, 0 errors, 1 left on base; Syracuse 10 - Niagara Falls 1
TOP OF THE 6TH
Syracuse Storm batting - Pitching for Niagara Falls Expos : RHP William Penn
Batting: RHB Adrián Medina 0-0: Ball
1-0: Called Strike
1-1: SINGLE (Line Drive, 8LS)
Batting: LHB Mitchell Pate 0-0: Called Strike
0-1: Ball
1-1: Ball
Wild Pitch!
Adrián Medina to second
2-1: Foul Ball, location: 2F
2-2: SINGLE (Groundball, 15S) (infield hit)
Adrián Medina to third
Batting: RHB Miguel Román 0-0: Ball
1-0: Ball
2-0: Foul Ball, location: 2F
2-1: Ground out 5-3 (Groundball, 56S)
Adrián Medina scores
Mitchell Pate to second
Batting: RHB Casey Brownlow 0-0: Ball
1-0: Foul Ball, location: 2F
1-1: Called Strike
1-2: Ground out 6-3 (Groundball, 6)
Mitchell Pate to third
Batting: LHB Brenton Winston 0-0: Called Strike
0-1: Swinging Strike
0-2: Strikes out swinging
Top of the 6th over - 1 run, 2 hits, 0 errors, 1 left on base; Syracuse 11 - Niagara Falls 1
BOTTOM OF THE 6TH
Niagara Falls Expos batting - Pitching for Syracuse Storm : RHP Joe Holland
Batting: LHB Barry Flauker 0-0: Fly out, F4 (Line Drive, 4M)
Batting: RHB Arthur Chappell 0-0: Foul Ball, location: 2F
0-1: Ball
1-1: Foul Ball, location: 2F
1-2: Strikes out swinging
Batting: RHB Qi-chao Di 0-0: Ball
1-0: Ball
2-0: Foul Ball, location: 2F
2-1: SINGLE (Groundball, 56D)
Batting: LHB Julian Rodney 0-0: Hit by Pitch
Qi-chao Di to second
Batting: RHB Francisco Rodríguez 0-0: SINGLE (Groundball, 6MD)
Qi-chao Di to third
Julian Rodney to second
Runner from 3rd tries for Home, SAFE, no throw
Batting: RHB Dale Doney 0-0: Ball
1-0: Ground out 3-1 (Groundball, 34)
Bottom of the 6th over - 1 run, 2 hits, 0 errors, 2 left on base; Syracuse 11 - Niagara Falls 2
TOP OF THE 7TH
Syracuse Storm batting - Pitching for Niagara Falls Expos : RHP William Penn
Batting: SHB Franck Kooijmans 0-0: Called Strike
0-1: Ball
1-1: Ground out 4-3 (Groundball, 4M)
Batting: RHB Sadakuno Hashimoto 0-0: Ball
1-0: Ball
2-0: Fly out, F8 (Flyball, 8RM)
Batting: LHB Seung-min Sin 0-0: Called Strike
0-1: Foul Ball, location: 2F
0-2: Ball
1-2: Fly out, F8 (Flyball, 8RS)
Top of the 7th over - 0 runs, 0 hits, 0 errors, 0 left on base; Syracuse 11 - Niagara Falls 2
BOTTOM OF THE 7TH
Niagara Falls Expos batting - Pitching for Syracuse Storm : RHP Joe Holland
Batting: RHB Yaakov Shmerkin 0-0: Swinging Strike
0-1: Ball
1-1: Ball
2-1: Foul Ball, location: 2F
2-2: Ball
3-2: Strikes out looking
Batting: RHB Cord Hosenbeck 0-0: Foul Ball, location: 2F
0-1: Foul Ball, location: 2F
0-2: Strikes out swinging
Batting: RHB Darryl Edwards 0-0: Swinging Strike
0-1: Ball
1-1: Ball
2-1: Fly out, F8 (Flyball, 8RS)
Bottom of the 7th over - 0 runs, 0 hits, 0 errors, 0 left on base; Syracuse 11 - Niagara Falls 2
TOP OF THE 8TH
Syracuse Storm batting - Pitching for Niagara Falls Expos : RHP William Penn
Pitching: RHP Phillip Davis
Batting: RHB Dave Maxwell 0-0: Foul Ball, location: 2F
0-1: Ground out 4-3 (Groundball, 4)
Batting: RHB Adrián Medina 0-0: Ball
1-0: Called Strike
1-1: Swinging Strike
1-2: Foul Ball, location: 2F
1-2: SOLO HOME RUN (Flyball, 7D), Distance : 381 ft
Pinch Hitting: LHB António Escobeda 0-0: Ball
1-0: Ball
2-0: Called Strike
2-1: Called Strike
2-2: Strikes out swinging
Batting: RHB Miguel Román 0-0: Swinging Strike
0-1: Foul Ball, location: 2F
0-2: Ball
1-2: Strikes out swinging
Top of the 8th over - 1 run, 1 hit, 0 errors, 0 left on base; Syracuse 12 - Niagara Falls 2
BOTTOM OF THE 8TH
Niagara Falls Expos batting - Pitching for Syracuse Storm : RHP Joe Holland
Now at 1B: Francis Osborne
Now in LF: António Escobeda
Batting: LHB Barry Flauker 0-0: Ball
1-0: TRIPLE (Line Drive, 89XD)
Batting: RHB Arthur Chappell 0-0: Ball
1-0: Foul Ball, location: 2F
1-1: Swinging Strike
1-2: SINGLE (Groundball, 6MD)
Barry Flauker scores
Batting: RHB Qi-chao Di 0-0: Grounds into double play, 1-6-3 (Groundball, P)
Batting: LHB Julian Rodney 0-0: Ball
1-0: Foul Ball, location: 2F
1-1: Ball
2-1: Fly out, F7 (Flyball, 78S)
Bottom of the 8th over - 1 run, 2 hits, 0 errors, 0 left on base; Syracuse 12 - Niagara Falls 3
TOP OF THE 9TH
Syracuse Storm batting - Pitching for Niagara Falls Expos : RHP Phillip Davis
Pitching: RHP Juan Rincón
Batting: RHB Casey Brownlow 0-0: Swinging Strike
0-1: Called Strike
0-2: Ball
1-2: Ball
2-2: Fly out, F5 (Popup, 56S)
Batting: LHB Brenton Winston 0-0: Ball
1-0: Ball
2-0: Foul Ball, location: 2F
2-1: Ball
3-1: Ground out 5-3 (Groundball, 56S)
Batting: SHB Franck Kooijmans 0-0: Ball
1-0: Ball
2-0: Fly out, F7 (Line Drive, 78M)
Top of the 9th over - 0 runs, 0 hits, 0 errors, 0 left on base; Syracuse 12 - Niagara Falls 3
BOTTOM OF THE 9TH
Niagara Falls Expos batting - Pitching for Syracuse Storm : RHP Joe Holland
Now at C: Nelson Morán
Batting: RHB Francisco Rodríguez 0-0: Swinging Strike
0-1: Foul Ball, location: 2F
0-2: Ball
1-2: Ball
2-2: Strikes out looking
Batting: RHB Dale Doney 0-0: Called Strike
0-1: Called Strike
0-2: Strikes out swinging
Batting: RHB Yaakov Shmerkin 0-0: Fly out, F6 (Line Drive, 6)
Bottom of the 9th over - 0 runs, 0 hits, 0 errors, 0 left on base; Syracuse 12 - Niagara Falls 3
Friday, March 29th, 2019 - OOTP Baseball 18.8 Build 76